 Adventure DCSS version bcrawl-1.19.1 (webtiles) character file.

Game seed: 10953732016638706721

84 galech the Shield-Bearer (level 4, 24/35 HPs)
             Began as a Demonspawn Fighter on Dec 11, 2019.
             Quit the game on level 2 of the Dungeon.
             The game lasted 00:01:32 (1166 turns).

galech the Shield-Bearer (Demonspawn Fighter)       Turns: 1166, Time: 00:01:32

Health: 24/35      AC:  6    Str: 16    XL:     4   Next: 24%
Magic:  4/4        EV:  7    Int: 10    God:
Gold:   85         SH:  9    Dex: 11    Spells: 3/3 levels left
                                        Lives:  2   Deaths: 0

rFire    . . .     SeeInvis .   a - +0 war axe
rCold    . . .     Gourm    .   c - +0 shield
rNeg     . . .     Faith    .   b - +0 scale mail
rPois    .         Spirit   .   (no helmet)
rElec    .         Reflect  .   (no cloak)
rCorr    .         Harm     .   (no gloves)
MR       .....                  (no boots)
Stlth    ..........             (no amulet)
HPRegen  0.11/turn              j - -2 ring of dexterity (curse)
MPRegen  0.09/turn              (no ring)

@: sluggish, very slow
A: hooves 1, demonic guardian 1
a: no special abilities


You were on level 2 of the Dungeon.
You were not hungry.

You visited 1 branch of the dungeon, and saw 2 of its levels.

You collected 85 gold pieces.

Inventory:

Hand Weapons
 a - a +0 war axe (weapon)
Armour
 b - a +0 scale mail (worn)
 c - a +0 shield (worn)
Jewellery
 j - a cursed -2 ring of dexterity (left hand)
 o - an uncursed amulet of faith {unknown}
Scrolls
 h - 2 scrolls of amnesia {unknown}
 l - a scroll of immolation {unknown}
 m - a scroll of teleportation {unknown}
 r - a scroll of identify {unknown}
Potions
 d - 2 potions of might
 e - a potion of brilliance
Comestibles
 f - 5 rations {!d}
 g - 2 chunks of flesh


   Skills:
 + Level 3.1 Fighting
 + Level 2.5 Axes
 + Level 3.2 Armour
 + Level 0.7 Dodging
 + Level 3.6 Shields


You had 3 spell levels left.
You didn't know any spells.
Your spell library was empty.

Dungeon Overview and Level Annotations

Branches:
Dungeon (2/12)

Altars:


Innate Abilities, Weirdness & Mutations

You have large cloven feet.
A weak demonic guardian rushes to your aid.


Message History

You start resting.
Your transformation is almost over.
You cannot move.
You start resting.
You feel sluggish.
You start resting.
You feel yourself slow down.
You start resting.
All of the chunks of flesh in your inventory have rotted away.
You feel a little less agile now.
You start resting.
You feel less wooden.
Your +0 scale mail unmelds from your body.
You start resting.
You feel a little less clever now.
You see here a quokka corpse.
You butcher the quokka corpse.
g - 2 chunks of flesh You see here a quokka skeleton.
Are you sure you want to abandon this character and quit the game? (Confirm with "yes".)

#.##..#.#.#
#.##......#
#.###..##.#
#.###.###.# #+##
#.........# #...##
#####.##### #.....#
#.#.## ##.......
#####....####........
#...........'@.......
#.###....####........
#.# #...######.......
#.# #......# #.....#
#.# ##.###.# #...##
#.# #.# #.# #+##
#.####.# #.# #.#
#......# #.# #.#
######## #.# ##.##


There were no monsters in sight!

Vanquished Creatures
  A scorpion (D:2)
  A worm (D:1)
  A dart slug (D:2)
  6 leopard geckos
  A ball python (D:1)
  2 giant cockroaches
  A goblin (D:2)
  5 jackals (D:2)
  2 kobolds (D:2)
  A quokka (D:2)
  2 bats (D:1)
  A frilled lizard (D:1)
  2 rats
26 creatures vanquished.

Notes
Turn   | Place    | Note
-------+----------+-------------------------------------------
     0 | D:1      | galech the Demonspawn Fighter began the quest for the Orb.
     0 | D:1      | Reached XP level 1. HP: 18/18 MP: 1/1
   236 | D:1      | Gained mutation: You have large cloven feet. [demonic
                  | ancestry]
   236 | D:1      | Reached XP level 2. HP: 24/24 MP: 2/2
   909 | D:2      | Reached XP level 3. HP: 29/29 MP: 3/3
  1084 | D:2      | Noticed a scorpion
  1105 | D:2      | Killed a scorpion
  1105 | D:2      | Gained mutation: A weak demonic guardian rushes to your
                  | aid. [demonic ancestry]
  1105 | D:2      | Reached XP level 4. HP: 35/35 MP: 4/4
  1166 | D:2      | Quit the game

Skill      XL: |  1  2 |
---------------+-------+-----
Armour         | 3 |  3.2
Shields        | 3 |  3.6
Axes           | 2 |  2.5
Fighting       | |  3.1
Dodging        | |  0.7

Action                   |  1- 3 |  4- 6 || total
-------------------------+-------+-------++-------
Melee: War axe           |    76 |       ||    76
       Kick              |    10 |       ||    10
  Use: Potion            |     6 |       ||     6
  Eat: Chunk             |     1 |       ||     1
Armor: Scale mail        |    28 |       ||    28
       Skin              |     4 |       ||     4
Dodge: Dodged            |    24 |       ||    24
Block: Shield            |    52 |       ||    52
